[ AOE2 MATCH · #456986827 ]
Team RMBohemians vs Turks
[ REPLAY ANALYSIS · EXTRACTED FROM THE RECORDED GAME ]
Feudal
10:55
Castle
19:35
Imperial
29:43
| APM avg | 25.7 |
| APM peak | 60 |
| eAPM avg | 18.7 |
| Villagers / military | 109 / 88 |
Focus
⚔️ 18.1% · 🌾 81.9%
Hussite Wagon ×74 · Bombard Cannon ×13 · Trade Cart ×8 · Monk ×1
Feudal
18:50
Castle
24:10
Imperial
—
| APM avg | 17.0 |
| APM peak | 51 |
| eAPM avg | 10.1 |
| Villagers / military | 49 / 12 |
Focus
⚔️ 18.9% · 🌾 81.1%
Knight ×12
Feudal
15:21
Castle
24:42
Imperial
37:57
| APM avg | 12.8 |
| APM peak | 33 |
| eAPM avg | 10.9 |
| Villagers / military | 137 / 64 |
Focus
⚔️ 18.2% · 🌾 81.8%
Ghulam ×35 · Camel Scout ×23 · Trade Cart ×15 · Militia ×2 · Mangonel ×2 · Spearman ×1
Feudal
14:01
Castle
23:57
Imperial
34:08
| APM avg | 14.7 |
| APM peak | 37 |
| eAPM avg | 9.2 |
| Villagers / military | 67 / 77 |
Focus
⚔️ 30.6% · 🌾 69.4%
Militia ×32 · Archer ×21 · Berserk ×15 · Mangonel ×7 · Trade Cart ×4 · Trebuchet (Packed) ×2
Feudal
10:39
Castle
17:23
Imperial
37:20
| APM avg | 12.2 |
| APM peak | 26 |
| eAPM avg | 7.9 |
| Villagers / military | 96 / 192 |
Focus
⚔️ 31.1% · 🌾 68.9%
Spearman ×156 · Scorpion ×32 · Trade Cart ×10 · Trebuchet (Packed) ×4
Feudal
13:48
Castle
18:26
Imperial
33:01
| APM avg | 20.7 |
| APM peak | 48 |
| eAPM avg | 12.9 |
| Villagers / military | 132 / 145 |
Focus
⚔️ 21.9% · 🌾 78.1%
Cavalry Archer ×94 · Scout Cavalry ×40 · Hand Cannoneer ×5 · Bombard Cannon ×4 · Monk ×2
Match map
Initial resources + every placement click. Lines = walls · curves = elevation contours. ◆ gold · ⬟ stone · ● berries · ✦ relic · ◌ wall gap
Your base· ✓ Closed at 19:35 · 12t walls · no gate
Alice Cooper's base· Open — opponent sealed themselves in
ImJohnRimbo's base· ✓ Closed at 24:42 · 65t walls · 1 gate(s)
Den0f's base· Open — opponent sealed themselves in
Banone's base· ✓ Closed at 17:23 · 19t walls · no gate
whiterose's base· Open — opponent sealed themselves in
Smoothed initial terrain · ◌ = detected wall gap · hover for details
Inputs per minute
— Tiduskold - - Alice Cooper
Build order — Tiduskold
First 150 of 323 actions detected
| 0:04 | Create | Villager (Male) |
| 0:04 | Create | Villager (Male) |
| 0:04 | Create | Villager (Male) |
| 0:05 | Build | House |
| 0:07 | Build | House |
| 0:44 | Research | Loom |
| 0:44 | Create | Villager (Male) |
| 1:02 | Create | Villager (Male) |
| 1:03 | Create | Villager (Male) |
| 1:33 | Build | Palisade Wall |
| 1:58 | Create | Villager (Male) |
| 1:59 | Create | Villager (Male) |
| 2:38 | Create | Villager (Male) |
| 2:42 | Build | Lumber Camp |
| 2:51 | Create | Villager (Male) |
| 3:31 | Create | Villager (Male) |
| 3:31 | Create | Villager (Male) |
| 3:44 | Build | House |
| 3:45 | Create | Villager (Male) |
| 4:20 | Create | Villager (Male) |
| 4:40 | Create | Villager (Male) |
| 5:13 | Build | Mill |
| 5:17 | Create | Villager (Male) |
| 5:56 | Create | Villager (Male) |
| 5:56 | Create | Villager (Male) |
| 5:56 | Create | Villager (Male) |
| 6:35 | Create | Villager (Male) |
| 6:54 | Create | Villager (Male) |
| 7:00 | Build | House |
| 7:27 | Create | Villager (Male) |
| 8:15 | Create | Villager (Male) |
| 8:45 | Research | Feudal Age |
| 8:59 | Build | Lumber Camp |
| 9:30 | Build | Mill |
| 9:58 | Build | House |
| 9:59 | Build | House |
| 10:03 | Build | House |
| 10:46 | Create | Villager (Male) |
| 10:47 | Create | Villager (Male) |
| 10:55 | Age | Feudal Age |
| 11:11 | Create | Villager (Male) |
| 11:13 | Research | Double-Bit Axe |
| 11:23 | Create | Villager (Male) |
| 11:34 | Build | Farm |
| 11:52 | Build | Farm |
| 11:56 | Research | Wheelbarrow |
| 11:56 | Create | Villager (Male) |
| 12:11 | Build | Farm |
| 12:44 | Build | Mining Camp |
| 13:04 | Create | Villager (Male) |
| 13:04 | Create | Villager (Male) |
| 14:04 | Build | Stone Wall |
| 14:15 | Create | Villager (Male) |
| 14:26 | Build | Farm |
| 14:48 | Build | Mill |
| 14:53 | Build | Farm |
| 14:54 | Build | Farm |
| 14:56 | Build | Farm |
| 15:09 | Create | Villager (Male) |
| 15:09 | Create | Villager (Male) |
| 15:39 | Build | Blacksmith |
| 15:42 | Build | Market |
| 15:59 | Build | Mining Camp |
| 16:05 | Create | Villager (Male) |
| 16:06 | Create | Villager (Male) |
| 16:37 | Build | Farm |
| 16:55 | Research | Castle Age |
| 16:59 | Build | Farm |
| 17:05 | Build | Farm |
| 17:05 | Build | Farm |
| 17:59 | Build | House |
| 18:00 | Build | House |
| 18:01 | Build | House |
| 18:02 | Build | House |
| 18:03 | Build | House |
| 19:08 | Create | Villager (Male) |
| 19:09 | Create | Villager (Male) |
| 19:35 | Age | Castle Age |
| 19:37 | Build | Town Center |
| 19:45 | Build | Town Center |
| 19:50 | Research | Hand Cart |
| 20:08 | Build | Farm |
| 20:19 | Build | Farm |
| 20:47 | Build | Farm |
| 20:54 | Create | Villager (Male) |
| 20:54 | Create | Villager (Male) |
| 20:57 | Create | Villager (Male) |
| 20:57 | Create | Villager (Male) |
| 21:03 | Create | Villager (Male) |
| 21:03 | Create | Villager (Male) |
| 21:03 | Create | Villager (Male) |
| 21:43 | Create | Villager (Male) |
| 21:46 | Create | Villager (Male) |
| 21:46 | Create | Villager (Male) |
| 21:50 | Build | Farm |
| 22:05 | Build | Monastery |
| 22:25 | Create | Villager (Male) |
| 22:25 | Create | Villager (Male) |
| 22:26 | Create | Villager (Male) |
| 22:28 | Create | Villager (Male) |
| 22:29 | Create | Villager (Male) |
| 22:29 | Create | Villager (Male) |
| 22:32 | Build | Farm |
| 23:02 | Create | Monk |
| 23:20 | Build | Mining Camp |
| 23:27 | Create | Villager (Male) |
| 23:27 | Create | Villager (Male) |
| 23:27 | Create | Villager (Male) |
| 23:28 | Create | Villager (Male) |
| 23:29 | Create | Villager (Male) |
| 23:29 | Create | Villager (Male) |
| 23:50 | Create | Villager (Male) |
| 23:54 | Build | Farm |
| 23:55 | Research | Horse Collar |
| 24:14 | Create | Villager (Male) |
| 24:18 | Build | Farm |
| 24:36 | Create | Villager (Male) |
| 24:40 | Create | Villager (Male) |
| 24:46 | Build | Farm |
| 24:48 | Build | Farm |
| 24:53 | Create | Villager (Male) |
| 24:53 | Create | Villager (Male) |
| 25:09 | Build | Farm |
| 25:12 | Build | Farm |
| 25:22 | Build | University |
| 25:48 | Build | Castle |
| 26:05 | Build | Farm |
| 26:08 | Create | Villager (Male) |
| 26:10 | Create | Villager (Male) |
| 26:11 | Create | Villager (Male) |
| 26:28 | Build | Farm |
| 26:30 | Research | Imperial Age |
| 26:35 | Build | Farm |
| 26:46 | Research | Chemistry |
| 26:51 | Build | Farm |
| 26:53 | Create | Villager (Male) |
| 26:53 | Create | Villager (Male) |
| 27:02 | Create | Villager (Male) |
| 27:19 | Create | Villager (Male) |
| 27:19 | Create | Villager (Male) |
| 27:20 | Create | Villager (Male) |
| 27:20 | Create | Villager (Male) |
| 27:27 | Build | Siege Workshop |
| 27:28 | Build | Siege Workshop |
| 27:36 | Build | Siege Workshop |
| 27:40 | Create | Villager (Male) |
| 27:40 | Create | Villager (Male) |
| 27:55 | Build | Mining Camp |
| 28:02 | Build | Market |
| 28:13 | Build | Market |
Build order — Alice Cooper
128 actions detected in the replay
| 0:08 | Research | Loom |
| 0:31 | Build | House |
| 0:31 | Build | House |
| 0:33 | Create | Villager (Male) |
| 0:34 | Create | Villager (Male) |
| 0:34 | Create | Villager (Male) |
| 0:34 | Create | Villager (Male) |
| 1:02 | Build | Palisade Wall |
| 2:03 | Build | Palisade Wall |
| 3:36 | Build | Palisade Wall |
| 5:49 | Build | Palisade Wall |
| 7:29 | Create | Villager (Male) |
| 8:36 | Create | Villager (Male) |
| 8:36 | Create | Villager (Male) |
| 8:36 | Create | Villager (Male) |
| 8:37 | Create | Villager (Male) |
| 8:37 | Create | Villager (Male) |
| 9:59 | Create | Villager (Male) |
| 9:59 | Create | Villager (Male) |
| 9:59 | Create | Villager (Male) |
| 10:14 | Build | House |
| 10:16 | Build | House |
| 10:53 | Create | Villager (Male) |
| 10:54 | Create | Villager (Male) |
| 10:54 | Create | Villager (Male) |
| 10:55 | Create | Villager (Male) |
| 11:26 | Build | Mill |
| 15:06 | Build | Lumber Camp |
| 16:40 | Research | Feudal Age |
| 17:08 | Build | Mining Camp |
| 18:09 | Build | Mining Camp |
| 18:27 | Create | Villager (Male) |
| 18:28 | Create | Villager (Male) |
| 18:31 | Create | Villager (Male) |
| 18:50 | Age | Feudal Age |
| 19:04 | Build | Blacksmith |
| 19:25 | Research | Double-Bit Axe |
| 20:14 | Create | Villager (Male) |
| 20:23 | Build | Market |
| 21:30 | Research | Castle Age |
| 22:02 | Build | Stone Wall |
| 22:04 | Build | Stone Wall |
| 22:21 | Build | Farm |
| 22:22 | Build | Farm |
| 22:23 | Build | Farm |
| 22:25 | Build | Farm |
| 22:26 | Build | Farm |
| 23:04 | Build | Stone Wall |
| 24:10 | Build | Stone Wall |
| 24:10 | Age | Castle Age |
| 25:20 | Build | Watch Tower |
| 25:37 | Build | Stone Wall |
| 25:41 | Build | Stone Wall |
| 25:48 | Research | Wheelbarrow |
| 26:10 | Build | Town Center |
| 26:22 | Create | Villager (Male) |
| 26:23 | Create | Villager (Male) |
| 26:23 | Create | Villager (Male) |
| 26:23 | Create | Villager (Male) |
| 26:25 | Create | Villager (Male) |
| 27:48 | Build | Stone Wall |
| 28:07 | Build | Farm |
| 28:08 | Build | Farm |
| 28:47 | Build | Mill |
| 28:54 | Create | Villager (Male) |
| 28:55 | Create | Villager (Male) |
| 28:55 | Create | Villager (Male) |
| 28:55 | Create | Villager (Male) |
| 29:05 | Build | Farm |
| 29:06 | Build | Farm |
| 29:07 | Build | Farm |
| 29:07 | Build | Farm |
| 29:08 | Build | Farm |
| 29:09 | Build | Farm |
| 29:10 | Build | Farm |
| 29:12 | Build | Farm |
| 29:34 | Create | Villager (Male) |
| 29:42 | Build | Town Center |
| 30:41 | Create | Villager (Male) |
| 30:51 | Research | Scale Barding Armor |
| 30:52 | Research | Forging |
| 31:42 | Build | Barracks |
| 32:13 | Build | Gate |
| 32:17 | Build | Gate |
| 32:25 | Build | House |
| 33:01 | Build | Stable |
| 33:05 | Create | Villager (Male) |
| 33:07 | Create | Villager (Male) |
| 33:07 | Create | Villager (Male) |
| 33:10 | Research | Gold Mining |
| 33:15 | Research | Horse Collar |
| 33:20 | Research | Iron Casting |
| 33:23 | Research | Chain Barding Armor |
| 33:40 | Build | Stable |
| 34:03 | Create | Villager (Male) |
| 34:49 | Research | Husbandry |
| 34:50 | Create | Knight |
| 34:50 | Create | Knight |
| 34:51 | Create | Knight |
| 34:51 | Create | Knight |
| 34:51 | Create | Knight |
| 34:52 | Create | Knight |
| 34:52 | Create | Knight |
| 34:52 | Create | Knight |
| 34:53 | Create | Knight |
| 34:53 | Create | Knight |
| 34:53 | Create | Knight |
| 35:09 | Research | Stone Mining |
| 35:20 | Create | Villager (Male) |
| 35:20 | Create | Villager (Male) |
| 35:20 | Create | Villager (Male) |
| 35:59 | Build | Castle |
| 36:12 | Create | Knight |
| 36:24 | Build | Lumber Camp |
| 36:33 | Create | Villager (Male) |
| 36:34 | Create | Villager (Male) |
| 36:36 | Create | Villager (Male) |
| 36:37 | Create | Villager (Male) |
| 36:37 | Create | Villager (Male) |
| 37:05 | Build | House |
| 39:25 | Create | Villager (Male) |
| 39:25 | Create | Villager (Male) |
| 39:26 | Create | Villager (Male) |
| 39:26 | Create | Villager (Male) |
| 39:26 | Create | Villager (Male) |
| 43:36 | Build | Mining Camp |
| 43:44 | Build | Mining Camp |
| 44:40 | Build | Town Center |
Build order — ImJohnRimbo
First 150 of 294 actions detected
| 0:03 | Create | Villager (Male) |
| 0:03 | Create | Villager (Male) |
| 0:04 | Research | Loom |
| 0:04 | Create | Villager (Male) |
| 0:05 | Create | Villager (Male) |
| 0:08 | Build | House |
| 0:12 | Build | House |
| 0:43 | Build | Palisade Wall |
| 1:00 | Build | Palisade Wall |
| 1:10 | Build | Palisade Wall |
| 4:30 | Create | Villager (Male) |
| 5:36 | Create | Villager (Male) |
| 6:02 | Build | Palisade Wall |
| 6:07 | Create | Villager (Male) |
| 6:07 | Create | Villager (Male) |
| 6:54 | Create | Villager (Male) |
| 7:19 | Create | Villager (Male) |
| 7:19 | Create | Villager (Male) |
| 7:47 | Create | Villager (Male) |
| 7:47 | Create | Villager (Male) |
| 7:53 | Build | House |
| 8:31 | Create | Villager (Male) |
| 9:07 | Create | Villager (Male) |
| 9:07 | Create | Villager (Male) |
| 9:36 | Build | Mill |
| 9:55 | Create | Villager (Male) |
| 9:55 | Create | Villager (Male) |
| 10:26 | Create | Villager (Male) |
| 10:58 | Create | Villager (Male) |
| 11:21 | Build | House |
| 11:35 | Create | Villager (Male) |
| 12:17 | Create | Villager (Male) |
| 12:31 | Create | Villager (Male) |
| 12:37 | Build | Lumber Camp |
| 13:11 | Research | Feudal Age |
| 15:21 | Age | Feudal Age |
| 15:24 | Create | Villager (Male) |
| 15:25 | Create | Villager (Male) |
| 15:48 | Build | Mill |
| 16:06 | Build | Stone Wall |
| 16:19 | Build | Stone Wall |
| 16:22 | Build | Stone Wall |
| 16:27 | Build | Stone Wall |
| 16:35 | Build | Mining Camp |
| 16:37 | Create | Villager (Male) |
| 16:37 | Create | Villager (Male) |
| 16:41 | Build | House |
| 16:43 | Build | House |
| 16:51 | Research | Double-Bit Axe |
| 17:10 | Create | Villager (Male) |
| 17:23 | Research | Horse Collar |
| 18:01 | Build | Farm |
| 18:10 | Create | Villager (Male) |
| 18:10 | Create | Villager (Male) |
| 18:21 | Build | Farm |
| 18:34 | Build | Farm |
| 18:36 | Create | Villager (Male) |
| 18:37 | Create | Villager (Male) |
| 18:44 | Build | Farm |
| 18:55 | Build | Market |
| 19:06 | Create | Villager (Male) |
| 19:13 | Build | Farm |
| 19:28 | Create | Villager (Male) |
| 19:40 | Build | Mining Camp |
| 19:45 | Create | Villager (Male) |
| 20:27 | Build | Blacksmith |
| 20:33 | Build | House |
| 20:46 | Build | Lumber Camp |
| 20:49 | Create | Villager (Male) |
| 21:01 | Build | Gate |
| 21:19 | Build | Farm |
| 21:20 | Build | Farm |
| 21:21 | Build | Farm |
| 21:24 | Build | Farm |
| 21:30 | Create | Villager (Male) |
| 21:48 | Build | Farm |
| 22:02 | Research | Castle Age |
| 22:08 | Build | Farm |
| 22:23 | Build | Barracks |
| 23:11 | Create | Militia |
| 23:12 | Create | Militia |
| 23:26 | Create | Spearman |
| 23:37 | Build | Watch Tower |
| 24:42 | Age | Castle Age |
| 24:47 | Research | Wheelbarrow |
| 25:01 | Build | Town Center |
| 25:17 | Build | Town Center |
| 25:29 | Research | Bow Saw |
| 25:32 | Research | Heavy Plow |
| 26:23 | Create | Villager (Male) |
| 26:23 | Create | Villager (Male) |
| 26:27 | Create | Villager (Male) |
| 26:27 | Create | Villager (Male) |
| 26:27 | Create | Villager (Male) |
| 26:34 | Build | Monastery |
| 26:41 | Create | Villager (Male) |
| 26:41 | Create | Villager (Male) |
| 27:14 | Build | Gate |
| 27:18 | Build | Watch Tower |
| 27:27 | Build | Mining Camp |
| 27:40 | Build | Town Center |
| 27:44 | Create | Villager (Male) |
| 27:44 | Create | Villager (Male) |
| 27:57 | Build | Farm |
| 28:05 | Research | Gold Mining |
| 28:07 | Research | Stone Mining |
| 28:09 | Create | Villager (Male) |
| 28:12 | Create | Villager (Male) |
| 28:14 | Create | Monk |
| 28:19 | Create | Trade Cart |
| 28:26 | Create | Villager (Male) |
| 28:26 | Create | Villager (Male) |
| 28:33 | Build | Farm |
| 28:34 | Build | Farm |
| 28:36 | Build | Farm |
| 28:46 | Build | Farm |
| 28:55 | Build | Farm |
| 29:02 | Create | Villager (Male) |
| 29:22 | Build | House |
| 29:25 | Build | House |
| 29:34 | Build | Siege Workshop |
| 29:38 | Create | Villager (Male) ×5 |
| 29:44 | Create | Trade Cart |
| 29:58 | Create | Villager (Male) |
| 29:59 | Create | Villager (Male) |
| 30:07 | Build | Farm |
| 30:19 | Build | Town Center |
| 30:25 | Create | Villager (Male) |
| 30:27 | Create | Villager (Male) |
| 30:28 | Create | Villager (Male) |
| 30:30 | Create | Villager (Male) |
| 30:31 | Create | Villager (Male) |
| 30:45 | Build | House |
| 30:54 | Research | Stone Shaft Mining |
| 31:05 | Build | Farm |
| 31:21 | Create | Villager (Male) |
| 31:37 | Build | Farm |
| 31:45 | Create | Mangonel |
| 32:22 | Create | Villager (Male) ×5 |
| 32:28 | Build | Farm |
| 32:33 | Create | Trade Cart |
| 32:43 | Build | University |
| 32:49 | Create | Villager (Male) |
| 32:50 | Create | Villager (Male) |
| 32:58 | Build | Castle |
| 33:14 | Create | Villager (Male) |
| 33:20 | Research | Town Watch |
| 33:29 | Build | Farm |
| 33:33 | Create | Villager (Male) |
| 33:33 | Create | Villager (Male) |
Build order — Den0f
First 150 of 235 actions detected
| 0:23 | Build | House |
| 0:25 | Build | House |
| 0:30 | Create | Villager (Male) |
| 0:30 | Create | Villager (Male) |
| 0:31 | Create | Villager (Male) |
| 0:31 | Create | Villager (Male) |
| 1:59 | Create | Villager (Male) |
| 2:00 | Create | Villager (Male) |
| 2:15 | Research | Loom |
| 2:53 | Create | Villager (Male) |
| 2:54 | Create | Villager (Male) |
| 4:07 | Create | Villager (Male) |
| 4:07 | Create | Villager (Male) |
| 4:08 | Create | Villager (Male) |
| 5:10 | Create | Villager (Male) |
| 5:10 | Create | Villager (Male) |
| 5:55 | Build | Palisade Wall |
| 6:23 | Build | Palisade Wall |
| 6:30 | Build | Palisade Wall |
| 6:50 | Build | Mill |
| 7:15 | Build | Mining Camp |
| 7:32 | Build | Lumber Camp |
| 8:59 | Create | Villager (Male) |
| 8:59 | Create | Villager (Male) |
| 9:00 | Create | Villager (Male) |
| 9:37 | Build | Mining Camp |
| 10:20 | Build | House |
| 10:21 | Build | House |
| 10:23 | Build | House |
| 10:25 | Build | House |
| 11:22 | Research | Feudal Age |
| 12:45 | Build | House |
| 13:48 | Build | Barracks |
| 14:01 | Age | Feudal Age |
| 14:13 | Create | Villager (Male) |
| 14:13 | Create | Villager (Male) |
| 14:13 | Create | Villager (Male) |
| 14:13 | Create | Villager (Male) |
| 14:14 | Create | Villager (Male) |
| 14:15 | Create | Villager (Male) |
| 15:42 | Research | Double-Bit Axe |
| 16:21 | Build | Farm |
| 16:31 | Create | Villager (Male) |
| 16:31 | Create | Villager (Male) |
| 16:31 | Create | Villager (Male) |
| 16:40 | Build | Farm |
| 16:49 | Build | Farm |
| 17:00 | Build | Farm |
| 17:03 | Build | Farm |
| 17:13 | Build | Farm |
| 17:16 | Research | Horse Collar |
| 18:02 | Build | Farm |
| 18:13 | Build | Farm |
| 18:22 | Build | Farm |
| 18:29 | Build | Farm |
| 18:36 | Create | Villager (Male) |
| 19:09 | Build | Farm |
| 19:15 | Create | Villager (Male) |
| 19:46 | Build | Blacksmith |
| 19:56 | Build | Market |
| 21:17 | Research | Castle Age |
| 21:58 | Research | Man-at-Arms (upgrade) |
| 22:09 | Build | Archery Range |
| 23:27 | Build | Stone Wall |
| 23:57 | Age | Castle Age |
| 24:22 | Build | Watch Tower |
| 24:35 | Build | Farm |
| 24:39 | Build | Farm |
| 24:41 | Build | Farm |
| 24:50 | Create | Villager (Male) |
| 24:51 | Create | Villager (Male) |
| 24:51 | Create | Villager (Male) |
| 24:51 | Create | Villager (Male) |
| 24:51 | Create | Villager (Male) |
| 24:51 | Create | Villager (Male) |
| 25:12 | Build | Town Center |
| 26:48 | Build | Lumber Camp |
| 27:10 | Build | Castle |
| 27:58 | Create | Villager (Male) |
| 27:58 | Create | Villager (Male) |
| 28:02 | Create | Villager (Male) |
| 28:02 | Create | Villager (Male) |
| 28:03 | Create | Villager (Male) |
| 28:03 | Create | Villager (Male) |
| 28:17 | Build | Farm |
| 28:19 | Build | Farm |
| 28:33 | Research | Long Swordsman (upgrade) |
| 28:50 | Create | Villager (Male) |
| 28:51 | Create | Villager (Male) |
| 29:43 | Build | Farm |
| 29:55 | Create | Villager (Male) |
| 29:55 | Create | Villager (Male) |
| 29:59 | Build | Farm |
| 30:32 | Build | Stone Wall |
| 30:51 | Create | Villager (Male) |
| 30:51 | Create | Villager (Male) |
| 30:51 | Create | Villager (Male) |
| 30:51 | Create | Villager (Male) |
| 30:51 | Create | Villager (Male) |
| 30:54 | Create | Villager (Male) |
| 30:58 | Research | Imperial Age |
| 31:44 | Build | Town Center |
| 32:29 | Create | Trade Cart |
| 32:30 | Create | Trade Cart |
| 32:30 | Create | Trade Cart |
| 32:34 | Create | Trade Cart |
| 32:44 | Create | Berserk |
| 32:44 | Create | Berserk |
| 32:44 | Create | Berserk |
| 32:44 | Create | Berserk |
| 32:48 | Create | Berserk |
| 32:48 | Create | Berserk |
| 33:03 | Research | Forging |
| 33:04 | Research | Scale Mail Armor |
| 33:05 | Research | Fletching |
| 33:05 | Research | Padded Archer Armor |
| 33:09 | Research | Crossbowman (upgrade) |
| 33:31 | Create | Villager (Male) |
| 33:31 | Create | Villager (Male) |
| 34:08 | Age | Imperial Age |
| 34:21 | Research | Heavy Plow |
| 34:24 | Research | Bow Saw |
| 34:36 | Create | Trebuchet (Packed) |
| 34:36 | Create | Trebuchet (Packed) |
| 34:42 | Research | Two-Handed Swordsman (upgrade) |
| 34:43 | Create | Militia |
| 34:43 | Create | Militia |
| 34:44 | Create | Militia |
| 34:44 | Create | Militia |
| 34:44 | Create | Militia |
| 34:44 | Create | Militia |
| 34:47 | Create | Militia |
| 35:18 | Create | Villager (Male) |
| 35:19 | Create | Villager (Male) |
| 35:19 | Create | Villager (Male) |
| 35:22 | Create | Villager (Male) |
| 35:22 | Create | Villager (Male) |
| 35:22 | Create | Villager (Male) |
| 35:26 | Create | Villager (Male) |
| 35:27 | Create | Villager (Male) |
| 35:27 | Create | Villager (Male) |
| 35:27 | Create | Villager (Male) |
| 35:47 | Build | Farm |
| 36:03 | Build | Farm |
| 36:25 | Build | Farm |
| 36:33 | Build | Farm |
| 36:44 | Build | Farm |
| 37:07 | Research | Arbalester (upgrade) |
| 37:08 | Create | Archer |
| 37:08 | Create | Archer |
Build order — Banone
First 150 of 238 actions detected
| 0:00 | Create | Villager (Male) |
| 0:00 | Create | Villager (Male) |
| 0:01 | Create | Villager (Male) |
| 0:01 | Create | Villager (Male) |
| 0:01 | Create | Villager (Male) |
| 0:05 | Build | House |
| 0:07 | Build | House |
| 1:35 | Create | Villager (Male) |
| 1:57 | Create | Villager (Male) |
| 2:15 | Build | Palisade Wall |
| 2:24 | Build | Lumber Camp |
| 2:28 | Create | Villager (Male) |
| 2:28 | Create | Villager (Male) |
| 2:47 | Create | Villager (Male) |
| 3:01 | Create | Villager (Male) |
| 3:28 | Create | Villager (Male) |
| 3:51 | Build | House |
| 4:12 | Build | Palisade Wall |
| 4:22 | Create | Villager (Male) |
| 4:23 | Create | Villager (Male) |
| 4:45 | Create | Villager (Male) |
| 4:53 | Build | Mill |
| 5:15 | Create | Villager (Male) |
| 5:16 | Create | Villager (Male) |
| 6:08 | Create | Villager (Male) |
| 6:08 | Create | Villager (Male) |
| 6:59 | Create | Villager (Male) |
| 7:00 | Create | Villager (Male) |
| 7:08 | Build | House |
| 7:53 | Create | Villager (Male) |
| 8:29 | Research | Feudal Age |
| 8:37 | Build | Mining Camp |
| 9:54 | Build | House |
| 9:58 | Build | House |
| 10:03 | Build | Barracks |
| 10:24 | Create | Villager (Male) |
| 10:25 | Create | Villager (Male) |
| 10:30 | Build | Farm |
| 10:31 | Build | Farm |
| 10:38 | Create | Villager (Male) |
| 10:39 | Age | Feudal Age |
| 11:42 | Build | Blacksmith |
| 12:05 | Create | Villager (Male) |
| 12:05 | Create | Villager (Male) |
| 12:06 | Research | Loom |
| 12:26 | Build | Farm |
| 12:26 | Build | Farm |
| 13:25 | Create | Villager (Male) |
| 13:26 | Create | Villager (Male) |
| 13:45 | Create | Villager (Male) |
| 13:57 | Build | Market |
| 14:30 | Build | Farm |
| 14:43 | Research | Castle Age |
| 14:49 | Build | Mining Camp |
| 14:56 | Research | Double-Bit Axe |
| 14:58 | Research | Horse Collar |
| 15:10 | Build | House |
| 15:12 | Build | House |
| 15:15 | Build | House |
| 15:18 | Build | House |
| 15:20 | Build | House |
| 16:00 | Build | Farm |
| 16:01 | Build | Farm |
| 16:02 | Build | Farm |
| 16:03 | Build | Farm |
| 16:15 | Build | House |
| 16:21 | Research | Gold Mining |
| 16:35 | Create | Villager (Male) |
| 16:35 | Create | Villager (Male) |
| 17:23 | Age | Castle Age |
| 17:28 | Build | Town Center |
| 17:33 | Create | Villager (Male) |
| 17:33 | Create | Villager (Male) |
| 17:45 | Build | Farm |
| 18:04 | Create | Villager (Male) |
| 18:15 | Build | House |
| 18:17 | Build | House |
| 18:18 | Build | House |
| 18:21 | Build | House |
| 18:24 | Build | House |
| 18:38 | Research | Bow Saw |
| 18:47 | Build | Farm |
| 18:57 | Create | Villager (Male) |
| 18:59 | Create | Villager (Male) |
| 19:12 | Build | Farm |
| 19:22 | Create | Villager (Male) |
| 19:25 | Create | Villager (Male) |
| 19:35 | Build | Farm |
| 19:42 | Build | Farm |
| 19:43 | Build | Farm |
| 19:44 | Build | Farm |
| 19:48 | Build | Farm |
| 20:07 | Create | Villager (Male) ×3 |
| 20:32 | Build | House |
| 20:34 | Build | House |
| 20:36 | Build | House |
| 20:39 | Build | House |
| 20:40 | Build | House |
| 20:46 | Build | House |
| 20:49 | Build | House |
| 20:50 | Build | House |
| 20:52 | Build | House |
| 20:54 | Build | House |
| 20:55 | Build | House |
| 20:58 | Create | Villager (Male) ×4 |
| 21:05 | Build | Farm |
| 21:05 | Build | Farm |
| 21:07 | Build | Farm |
| 21:22 | Research | Stone Mining |
| 21:30 | Create | Villager (Male) |
| 21:32 | Create | Villager (Male) |
| 21:54 | Research | Heavy Plow |
| 22:06 | Create | Villager (Male) |
| 22:08 | Create | Villager (Male) |
| 22:16 | Build | Farm |
| 22:18 | Build | Farm |
| 22:18 | Build | Farm |
| 22:39 | Build | Town Center |
| 22:44 | Create | Villager (Male) ×4 |
| 23:02 | Create | Villager (Male) ×2 |
| 23:26 | Build | University |
| 23:31 | Create | Villager (Male) ×5 |
| 24:29 | Create | Villager (Male) ×5 |
| 24:52 | Build | Barracks |
| 24:57 | Build | Barracks |
| 24:58 | Build | Barracks |
| 25:02 | Build | Barracks |
| 25:04 | Build | Barracks |
| 25:08 | Build | Barracks |
| 25:17 | Create | Villager (Male) ×5 |
| 25:26 | Research | Gold Shaft Mining |
| 25:48 | Create | Villager (Male) ×5 |
| 25:54 | Build | House |
| 26:08 | Build | House |
| 26:10 | Build | House |
| 26:12 | Build | House |
| 26:13 | Build | House |
| 26:15 | Build | House |
| 26:16 | Build | House |
| 26:20 | Create | Villager (Male) ×5 |
| 26:35 | Build | Farm |
| 26:36 | Build | Farm |
| 26:37 | Build | Farm |
| 26:38 | Build | Farm |
| 26:38 | Build | Farm |
| 26:41 | Build | Farm |
| 26:46 | Create | Villager (Male) ×5 |
| 27:54 | Build | Castle |
| 28:00 | Create | Villager (Male) ×5 |
| 28:09 | Create | Trade Cart ×5 |
Build order — whiterose
First 150 of 339 actions detected
| 0:01 | Create | Villager (Male) |
| 0:01 | Create | Villager (Male) |
| 0:01 | Create | Villager (Male) |
| 0:02 | Build | House |
| 0:04 | Build | House |
| 0:11 | Research | Loom |
| 0:16 | Create | Villager (Male) |
| 0:17 | Create | Villager (Male) |
| 0:17 | Create | Villager (Male) |
| 0:17 | Create | Villager (Male) |
| 0:42 | Build | Palisade Wall |
| 2:00 | Build | Palisade Wall |
| 2:05 | Create | Villager (Male) |
| 2:05 | Create | Villager (Male) |
| 2:36 | Create | Villager (Male) |
| 2:36 | Create | Villager (Male) |
| 2:36 | Create | Villager (Male) |
| 2:46 | Build | Palisade Wall |
| 3:09 | Create | Villager (Male) |
| 3:09 | Create | Villager (Male) |
| 3:52 | Create | Villager (Male) |
| 3:52 | Create | Villager (Male) |
| 3:53 | Create | Villager (Male) |
| 4:38 | Build | Mill |
| 4:44 | Create | Villager (Male) |
| 4:44 | Create | Villager (Male) |
| 4:56 | Build | House |
| 6:04 | Create | Villager (Male) |
| 6:04 | Create | Villager (Male) |
| 6:23 | Build | Lumber Camp |
| 6:36 | Create | Villager (Male) |
| 6:37 | Create | Villager (Male) |
| 7:28 | Create | Villager (Male) |
| 7:28 | Create | Villager (Male) |
| 7:28 | Create | Villager (Male) |
| 8:01 | Create | Villager (Male) |
| 8:01 | Create | Villager (Male) |
| 8:01 | Create | Villager (Male) |
| 8:01 | Create | Villager (Male) |
| 8:29 | Build | House |
| 9:13 | Build | Mill |
| 9:30 | Create | Villager (Male) |
| 9:30 | Create | Villager (Male) |
| 10:05 | Create | Villager (Male) |
| 10:24 | Build | Lumber Camp |
| 10:35 | Build | House |
| 11:05 | Research | Feudal Age |
| 11:09 | Build | Mining Camp |
| 11:19 | Build | Palisade Wall |
| 12:23 | Build | Farm |
| 12:24 | Build | Farm |
| 13:48 | Age | Feudal Age |
| 13:51 | Build | Market |
| 13:58 | Build | Blacksmith |
| 14:02 | Create | Villager (Male) |
| 14:03 | Create | Villager (Male) |
| 14:06 | Build | Farm |
| 14:08 | Build | Farm |
| 14:09 | Build | Farm |
| 14:56 | Build | Mining Camp |
| 15:35 | Build | Stone Wall |
| 15:45 | Build | Stone Wall |
| 15:46 | Research | Castle Age |
| 15:47 | Research | Castle Age |
| 16:07 | Research | Double-Bit Axe |
| 16:08 | Research | Double-Bit Axe |
| 16:08 | Research | Double-Bit Axe |
| 16:39 | Build | House |
| 16:46 | Research | Horse Collar |
| 17:13 | Create | Villager (Male) |
| 17:13 | Create | Villager (Male) |
| 17:47 | Build | Outpost |
| 18:01 | Build | Outpost |
| 18:26 | Age | Castle Age |
| 18:29 | Build | Town Center |
| 18:31 | Create | Villager (Male) |
| 18:31 | Create | Villager (Male) |
| 18:35 | Research | Bow Saw |
| 18:53 | Build | Town Center |
| 18:59 | Create | Villager (Male) |
| 19:18 | Create | Villager (Male) |
| 19:18 | Create | Villager (Male) |
| 19:33 | Research | Heavy Plow |
| 19:52 | Create | Villager (Male) |
| 19:57 | Build | Farm |
| 20:06 | Create | Villager (Male) |
| 20:06 | Create | Villager (Male) |
| 20:07 | Create | Villager (Male) |
| 20:16 | Create | Villager (Male) |
| 20:17 | Create | Villager (Male) |
| 20:31 | Build | Farm |
| 20:35 | Create | Villager (Male) |
| 20:35 | Create | Villager (Male) |
| 20:40 | Build | Farm |
| 20:47 | Build | House |
| 20:51 | Build | House |
| 21:04 | Create | Villager (Male) |
| 21:04 | Create | Villager (Male) |
| 21:06 | Build | Farm |
| 21:29 | Create | Villager (Male) |
| 21:29 | Create | Villager (Male) |
| 21:37 | Build | Monastery |
| 21:39 | Build | Farm |
| 21:40 | Build | Farm |
| 21:43 | Create | Villager (Male) |
| 21:43 | Create | Villager (Male) |
| 21:59 | Build | Farm |
| 22:03 | Build | Farm |
| 22:17 | Create | Villager (Male) |
| 22:18 | Create | Villager (Male) |
| 22:31 | Create | Monk |
| 22:34 | Create | Villager (Male) |
| 22:36 | Build | Farm |
| 22:38 | Build | Farm |
| 22:41 | Build | Farm |
| 22:44 | Create | Villager (Male) |
| 22:44 | Create | Villager (Male) |
| 22:45 | Create | Villager (Male) |
| 23:07 | Create | Villager (Male) |
| 23:08 | Create | Villager (Male) |
| 23:08 | Create | Villager (Male) |
| 23:18 | Build | University |
| 23:20 | Build | House |
| 23:21 | Build | House |
| 23:56 | Create | Villager (Male) |
| 23:56 | Create | Villager (Male) |
| 23:57 | Create | Villager (Male) |
| 24:45 | Create | Villager (Male) |
| 24:45 | Create | Villager (Male) |
| 24:45 | Create | Villager (Male) |
| 24:51 | Build | Farm |
| 24:52 | Build | Farm |
| 24:53 | Build | Farm |
| 24:55 | Create | Villager (Male) |
| 24:56 | Create | Villager (Male) |
| 25:01 | Build | Farm |
| 25:02 | Build | Farm |
| 25:04 | Build | Farm |
| 25:14 | Build | Town Center |
| 25:31 | Create | Villager (Male) |
| 25:32 | Create | Villager (Male) |
| 25:32 | Create | Villager (Male) |
| 25:45 | Build | House |
| 25:46 | Create | Villager (Male) |
| 25:47 | Create | Villager (Male) |
| 26:06 | Build | Castle |
| 26:12 | Create | Villager (Male) |
| 26:12 | Create | Villager (Male) |
| 26:13 | Create | Villager (Male) |
| 26:22 | Build | Farm |
Match timeline
| 0:42 | whiterose · wall_segment Palisade Wall x9 |
| 0:43 | ImJohnRimbo · wall_segment Palisade Wall x9 |
| 1:00 | ImJohnRimbo · wall_segment Palisade Wall x9 |
| 1:02 | Alice Cooper · wall_segment Palisade Wall x9 |
| 1:10 | ImJohnRimbo · wall_segment Palisade Wall x11 |
| 1:33 | Tiduskold · wall_segment Palisade Wall x6 |
| 2:00 | whiterose · wall_segment Palisade Wall x12 |
| 2:03 | Alice Cooper · wall_segment Palisade Wall x9 |
| 2:15 | Banone · wall_segment Palisade Wall x9 |
| 2:46 | whiterose · wall_segment Palisade Wall x9 |
| 3:36 | Alice Cooper · wall_segment Palisade Wall x7 |
| 4:12 | Banone · wall_segment Palisade Wall x10 |
| 5:49 | Alice Cooper · wall_segment Palisade Wall x10 |
| 5:55 | Den0f · wall_segment Palisade Wall x4 |
| 6:02 | ImJohnRimbo · wall_segment Palisade Wall x13 |
| 6:23 | Den0f · wall_segment Palisade Wall x5 |
| 6:30 | Den0f · wall_segment Palisade Wall x3 |
| 10:03 | Banone · first_building Barracks |
| 10:39 | Banone · age_up feudal |
| 10:55 | Tiduskold · age_up feudal |
| 11:19 | whiterose · wall_segment Palisade Wall x13 |
| 13:48 | Den0f · first_building Barracks |
| 13:48 | whiterose · age_up feudal |
| 14:01 | Den0f · age_up feudal |
| 14:04 | Tiduskold · wall_segment Stone Wall x6 |
| 15:14 | whiterose · first_market_buy 100 food |
| 15:15 | whiterose · first_market_sell 100 wood |
| 15:21 | ImJohnRimbo · age_up feudal |
| 15:35 | whiterose · wall_segment Stone Wall x10 |
| 15:45 | whiterose · wall_segment Stone Wall x14 |
| 16:06 | ImJohnRimbo · wall_segment Stone Wall x12 |
| 16:19 | ImJohnRimbo · wall_segment Stone Wall x13 |
| 16:22 | ImJohnRimbo · wall_segment Stone Wall x4 |
| 16:27 | ImJohnRimbo · wall_segment Stone Wall x11 |
| 17:23 | Banone · age_up castle |
| 18:26 | whiterose · age_up castle |
| 18:50 | Alice Cooper · age_up feudal |
| 19:35 | Tiduskold · age_up castle |
| 21:37 | whiterose · first_building Monastery |
| 22:02 | Alice Cooper · wall_segment Stone Wall x4 |
| 22:04 | Alice Cooper · wall_segment Stone Wall x8 |
| 22:05 | Tiduskold · first_building Monastery |
| 22:09 | Den0f · first_building Archery Range |
| 22:23 | ImJohnRimbo · first_building Barracks |
| 23:04 | Alice Cooper · wall_segment Stone Wall x8 |
| 23:27 | Den0f · wall_segment Stone Wall x6 |
| 23:57 | Den0f · age_up castle |
| 24:10 | Alice Cooper · wall_segment Stone Wall x8 |
| 24:10 | Alice Cooper · age_up castle |
| 24:42 | ImJohnRimbo · age_up castle |
| 25:37 | Alice Cooper · wall_segment Stone Wall x4 |
| 25:41 | Alice Cooper · wall_segment Stone Wall x5 |
| 25:48 | Tiduskold · first_building Castle |
| 26:06 | whiterose · first_building Castle |
| 26:34 | ImJohnRimbo · first_building Monastery |
| 27:10 | Den0f · first_building Castle |
| 27:27 | Tiduskold · first_building Siege Workshop |
| 27:33 | whiterose · first_building Barracks |
| 27:48 | Alice Cooper · wall_segment Stone Wall x1 |
| 27:54 | Banone · first_building Castle |
| 28:22 | whiterose · first_building Archery Range |
| 28:59 | Banone · first_building Siege Workshop |
| 29:34 | ImJohnRimbo · first_building Siege Workshop |
| 29:43 | Tiduskold · age_up imperial |
| 30:03 | whiterose · first_building Stable |
| 30:32 | Den0f · wall_segment Stone Wall x10 |
| 31:42 | Alice Cooper · first_building Barracks |
| 32:28 | Banone · wall_segment Stone Wall x8 |
| 32:28 | whiterose · first_building Siege Workshop |
| 32:49 | Tiduskold · wall_segment Stone Wall x6 |
| 32:58 | ImJohnRimbo · first_building Castle |
| 33:01 | Alice Cooper · first_building Stable |
| 33:01 | whiterose · age_up imperial |
| 33:06 | Tiduskold · wall_segment Stone Wall x7 |
| 34:08 | Den0f · age_up imperial |
| 35:48 | ImJohnRimbo · first_building Stable |
| 35:59 | Alice Cooper · first_building Castle |
| 37:20 | Banone · age_up imperial |
| 37:30 | ImJohnRimbo · wall_segment Stone Wall x4 |
| 37:57 | ImJohnRimbo · age_up imperial |
| 38:23 | whiterose · wall_segment Stone Wall x10 |
| 41:13 | Tiduskold · wall_segment Stone Wall x1 |
| 43:17 | Den0f · first_building Siege Workshop |
| 44:11 | ImJohnRimbo · first_market_buy 500 wood |
| 46:21 | whiterose · resign |
[ AI ANALYSIS · 1 CREDIT ]
What really happened in this match?
Wolo.gg analyzes every decision: build order, eco, micro, common mistakes by bracket. Personalized analysis on WhatsApp or Discord in 30 seconds.
Civ guide
Bohemians
Map guide
Black Forest
Perfil
Jugador #2324817